 Dungeon Crawl Stone Soup version 0.24-a0-378-g94936e539c (webtiles) character file.

Game seed: 16011046536670865888

692 MachJacob the Cleaver (level 7, -2/62 HPs)
             Began as a Hill Orc Monk on June 2, 2019.
             Was a Believer of Beogh.
             Slain by an adder (3 damage)
             ... on level 5 of the Dungeon.
             The game lasted 00:15:40 (5756 turns).

MachJacob the Cleaver (Hill Orc Monk)               Turns: 5756, Time: 00:15:41

Health: -2/62      AC:  7    Str: 14    XL:     7   Next: 63%
Magic:  9/9        EV: 10    Int: 10    God:    Beogh [**....]
Gold:   205        SH:  0    Dex: 15    Spells: 6/6 levels left

rFire    . . .     SeeInvis .   f - +0 war axe
rCold    + . .     Gourm    .   (no shield)
rNeg     . . .     Faith    .   p - +0 scale mail
rPois    .         Spirit   .   (no helmet)
rElec    .         Reflect  .   (no cloak)
rCorr    .         Harm     .   (no gloves)
MR       .....                  l - +0 pair of boots
Stlth    +.........             (no amulet)
HPRegen  0.20/turn              (no ring)
MPRegen  0.11/turn              s - ring of protection from cold

@: no status effects
A: no striking features
a: Smiting, Renounce Religion


You were on level 5 of the Dungeon.
You worshipped Beogh.
Beogh was pleased with you.
You were hungry.

You visited 1 branch of the dungeon, and saw 5 of its levels.

You collected 205 gold pieces.

Inventory:

Hand Weapons
 a - a +1 hand axe
 f - a +0 war axe (weapon)
Missiles
 k - 160 stones (quivered)
Armour
 b - a +0 robe
 l - a +0 pair of boots (worn)
 p - a +0 scale mail (worn)
Jewellery
 i - an uncursed amulet of the gourmand {unknown}
 s - a ring of protection from cold (right hand)
Wands
 t - a wand of iceblast (11)
Scrolls
 h - a scroll of identify
 m - 3 scrolls of amnesia
Potions
 e - a potion of might
 g - 2 potions of brilliance
Comestibles
 c - 8 rations


   Skills:
 + Level 5.7 Fighting
 * Level 8.1 Axes
 + Level 3.1 Armour
 - Level 3.0 Dodging
 - Level 1.5 Stealth
 * Level 3.3 Invocations


You had 6 spell levels left.
You didn't know any spells.
Your spell library contained the following spells:

 Spells                   Type           Power        Failure   Level  Hunger
 Beastly Appendage        Tmut           #.....       83%         1    ##.....
 Sticks to Snakes         Tmut           #.......     93%         2    ###....
 Spider Form              Tmut/Pois      #.........   99%         3    ####...
 Ice Form                 Ice/Tmut       #.......     100%        4    #####..
 Blade Hands              Tmut           #.........   100%        5    ######.


Dungeon Overview and Level Annotations

Branches:
Dungeon (5/15)
 Temple: D:4-7

Altars:
Okawaru
Zin

Annotations:
D:4 1 runed translucent door, anet's ghost, novice DEWz


Message History

Something hits you but does no damage. The adder barely misses you.
You slash something! You hit the adder.
You feel sick. The adder closely misses you. Something hits you.
* * * LOW HITPOINT WARNING * * *
Something shocks you.
* * * LOW HITPOINT WARNING * * *
You miss something. You closely miss the adder.
The adder bites you but does no damage. Something hits you.
* * * LOW HITPOINT WARNING * * *
Something shocks you.
* * * LOW HITPOINT WARNING * * *
The adder barely misses you.
Okay, then.
You miss something. You hit the adder. Something hits you but does no damage.
The adder bites you but does no damage.
The orc throws a boomerang.
The boomerang barely misses you.
The weapon returns to the orc!
You miss something. You barely miss the adder.
You feel sick.
You are no longer poisoned.
The adder bites you.
You die...

#.# #...+......
#.####o###########.#......
#......o..................
........o..................
.............######.#######
##.#####.###........# ..
#.# #.######## #
#####.###o### .......@{o..#
#####.S##.#.# #... ......
...#. #.#.### ###### #.#.#
..# # ..# .#


You could see an adder and 2 orcs.

Vanquished Creatures
  A bullfrog (D:5)
  2 killer bees (D:4)
  4 orc wizards (D:3 D:5)
  A centaur skeleton (D:5)
  Natasha (thrice) (D:4)
  Terence (D:2)
  2 worker ants (D:4)
  A worker ant zombie (D:5)
  Robin (D:3)
  6 adders (D:1 D:2 D:4 D:5)
  4 gnolls (D:2 D:3)
  2 worms (D:2 D:3)
  A dart slug (D:2)
  A leopard gecko (D:4)
  10 orcs (D:3 D:4 D:5)
  3 giant cockroaches (D:2 D:3)
  13 goblins (D:1 D:2 D:3)
  10 hobgoblins (D:1 D:2 D:3)
  5 jackals (D:1 D:2)
  A quokka (D:4)
  6 bats (D:1 D:2 D:3)
  4 frilled lizards (D:2 D:3 D:4)
  11 kobolds (D:1 D:2 D:3)
  6 rats (D:1 D:2 D:3)
99 creatures vanquished.

Vanquished Creatures (others)
  A killer bee (D:4)
  An orc (D:4)
  An orc priest (D:4)
  An orc wizard (D:4)
4 creatures vanquished.

Grand Total: 103 creatures vanquished

Notes
Turn   | Place    | Note
-------+----------+-------------------------------------------
     0 | D:1      | MachJacob the Hill Orc Monk began the quest for the Orb.
     0 | D:1      | Reached XP level 1. HP: 19/19 MP: 1/1
   555 | D:1      | Reached XP level 2. HP: 17/27 MP: 2/2
  1344 | D:1      | Reached XP level 3. HP: 27/33 MP: 3/3
  1479 | D:2      | Found a glowing silver altar of Zin.
  1628 | D:2      | Reached skill level 5 in Axes
  2259 | D:2      | Reached XP level 4. HP: 37/40 MP: 4/4
  2650 | D:3      | Found an iron altar of Okawaru.
  2772 | D:3      | Reached skill level 1 in Armour
  2772 | D:3      | Reached XP level 5. HP: 32/47 MP: 5/5
  2775 | D:3      | Noticed Robin
  2925 | D:2      | Reached skill level 6 in Axes
  2966 | D:3      | Killed Robin
  3192 | D:3      | Noticed Terence
  3217 | D:2      | Killed Terence
  3217 | D:2      | Reached skill level 5 in Fighting
  3217 | D:2      | Reached XP level 6. HP: 44/56 MP: 6/6
  3817 | D:4      | Reached skill level 7 in Axes
  4188 | D:4      | Found a runed translucent door.
  4188 | D:4      | Noticed anet's ghost (novice DEWz)
  4205 | D:4      | Became a worshipper of Beogh the Brigand
  4205 | D:4      | Reached * piety under Beogh
  4205 | D:4      | Reached ** piety under Beogh
  4774 | D:4      | Noticed Natasha
  4793 | D:4      | Killed Natasha
  4823 | D:4      | Reached skill level 1 in Invocations
  4991 | D:4      | Reached XP level 7. HP: 47/61 MP: 4/8
  4992 | D:4      | Noticed Natasha
  5001 | D:4      | Killed Natasha
  5217 | D:4      | Noticed Natasha
  5234 | D:4      | Killed Natasha
  5422 | D:5      | Entered Level 5 of the Dungeon
  5746 | D:5      | Reached skill level 8 in Axes
  5754 | D:5      | HP: 2/62 [something (5)]
  5756 | D:5      | Slain by an adder

Levels and vault maps discovered:
D:1:      ncdulo_smallfort, layout_rooms
D:2:      layout_loops_ring, lemuel_crystal_altar
D:3:      layout_loops_cross, okawaru_altar_gauntlet_db, uniq_robin,
          uniq_terence
D:4:      layout_loops_ring, ebering_ghost_reflecting_pool, uniq_natasha
D:5:      layout_basic, lemuel_crystal_altar, gup_sewer_entry_spiral,
          first_ration

Skill      XL: |  1  2  3  4  5  6  7 |
---------------+----------------------+-----
Fighting       | 4 5 |  5.7
Axes           | 5 6 7 8 |  8.1
Dodging        | 3 |  3.0
Armour         | 1 2 3 |  3.1
Invocations    | 2 3 |  3.3
Stealth        | |  1.5

Action                   |  1- 3 |  4- 6 |  7- 9 || total
-------------------------+-------+-------+-------++-------
Melee: Hand axe          |   168 |   283 |    43 ||   494
       War axe           |       |       |    36 ||    36
Throw: Stone             |    12 |    19 |     2 ||    33
Invok: Smiting           |       |     1 |       ||     1
       Convert to Beogh  |       |     1 |       ||     1
  Use: Scroll            |       |     7 |     4 ||    11
       Potion            |       |     1 |     2 ||     3
 Stab: Sleeping          |     2 |       |       ||     2
  Eat: Chunk             |     4 |     9 |     2 ||    15
Armor: Robe              |    30 |       |       ||    30
       Scale mail        |    16 |   106 |    41 ||   163
Dodge: Dodged            |   128 |   162 |    54 ||   344

Table legend:
 A = Non-vault XP
 B = Vault XP
 C = Vault XP percentage of total XP
 D = Non-vault monster count
 E = Vault monster count
 F = Vault count percentage of total count
                 A         B        C        D         E       F
            +---------+---------+-------+---------+---------+-------
      Total |     857 |     132 |  13.3 |      81 |      19 |  19.0
            +---------+---------+-------+---------+---------+-------
        D:1 |      41 |       0 |   0.0 |      16 |       0 |   0.0
        D:2 |      74 |      42 |  36.2 |      21 |       4 |  16.0
        D:3 |     144 |      54 |  27.3 |      20 |      14 |  41.2
        D:4 |     355 |      36 |   9.2 |      16 |       1 |   5.9
        D:5 |     243 |       0 |   0.0 |       8 |       0 |   0.0
            +---------+---------+-------+---------+---------+-------
